 Dungeon Crawl Stone Soup version 0.21-a0-142-gdd972a7 (webtiles) character file.

126991 UnclePhil the Brawler (level 16, 0/162 HPs)
             Began as a Troll Hunter on July 22, 2017.
             Was a High Priest of Okawaru.
             Succumbed to a sea snake's poison
             ... on level 4 of the Shoals.
             The game lasted 01:10:29 (26956 turns).

UnclePhil the Brawler (Troll Hunter)               Turns: 26956, Time: 01:10:30

Health: 0/162      AC: 12    Str: 24    XL:     16   Next: 45%
Magic:  11/21      EV: 14    Int:  7    God:    Okawaru [*****.]
Gold:   1159       SH: 13    Dex: 15    Spells: 10/15 levels left

rFire    + + +     SeeInvis +     - Unarmed
rCold    + + .     Gourm    +   Z - +2 shield {rF+}
rNeg     . . .     Faith    .   u - +2 robe {rC+ rF+}
rPois    +         Spirit   +   C - +2 hat {SInv}
rElec    +         Reflect  .   Y - +2 cloak {+Inv}
rCorr    +         Harm     .   (gloves unavailable)
MR       +....                  (boots unavailable)
Stlth    ++........             g - amulet of guardian spirit
HPRegen  0.77/turn              X - +3 ring of slaying
MPRegen  0.17/turn              T - ring of poison resistance

@: lethally poisoned (0 -> -5), resistant, hasted, slow
A: unfitting armour, claws 3, fast metabolism 3, gourmand, regeneration 1,
shaggy fur 1, tough skin 2
a: Heroism, Finesse, Renounce Religion, Evoke Invisibility


You were on level 4 of the Shoals.
You worshipped Okawaru.
Okawaru was extremely pleased with you.
You were completely stuffed.

You visited 5 branches of the dungeon, and saw 28 of its levels.
You visited the Abyss 1 time.
You visited 1 bazaar.
You also visited: Volcano.

You collected 2674 gold pieces.
You spent 1515 gold pieces at shops.

Inventory:

Missiles
 c - 22 large rocks (quivered)
 d - 7 throwing nets
Armour
 p - +0 acid dragon scales
 u - a +2 robe of resistance (worn)
 C - a +2 hat of see invisible (worn)
 Y - a +2 cloak of invisibility (worn)
 Z - a +2 shield of fire resistance (worn)
Jewellery
 g - an amulet of guardian spirit (around neck)
 h - an uncursed ring of teleportation
 T - a ring of poison resistance (right claw)
 X - a +3 ring of slaying (left claw)
Wands
 a - a wand of disintegration (13/24)
 b - a wand of acid (7/15)
 i - a wand of iceblast (4/15)
 l - a wand of polymorph (12/24)
 s - a wand of scattershot (0/9)
 y - a wand of clouds (7/9)
 z - a wand of clouds (5/9)
 A - a wand of acid (2/15)
 G - a wand of flame (29/48)
 K - a wand of iceblast (5/15)
 P - a wand of iceblast (9/15)
 Q - a wand of acid (4/15)
 V - a wand of disintegration (6/24)
Scrolls
 j - 13 scrolls of remove curse
 n - a scroll of enchant armour
 v - 5 scrolls of teleportation
 w - 3 scrolls of amnesia
 F - a scroll of silence
 H - 2 scrolls of fog
 M - a scroll of blinking
Potions
 k - 4 potions of brilliance
 m - 7 potions of agility
 q - 6 potions of might
 E - 2 potions of cancellation
 J - a potion of haste
 S - 3 potions of invisibility
 W - a potion of berserk rage
Books
 t - a book of Spatial Translocations

   Spells                             Type                      Level
   a - Blink                          Translocation                2
   b - Shroud of Golubria             Charms/Translocation         2
   c - Lesser Beckoning               Translocation                3
   d - Gell's Gravitas                Translocation                3
   e - Teleport Other                 Translocation                3
   f - Passage of Golubria            Translocation                4
Miscellaneous
 O - 2 sacks of spiders
Comestibles
 f - 18 bread rations
 o - 10 royal jellies
 r - 3 chunks of flesh
 x - 11 meat rations
 D - 16 fruits


   Skills:
 + Level 11.3 Fighting
 - Level 3.6 Throwing
 - Level 6.6 Dodging
 - Level 0.3 Stealth
 - Level 9.0 Shields
 * Level 19.2 Unarmed Combat
 - Level 9.0 Invocations
 + Level 5.3 Evocations


You had 10 spell levels left.
You knew the following spells:

 Your Spells              Type           Power        Failure   Level  Hunger
a - Beastly Appendage     Tmut           #.....       43%         1    ##.....
b - Blink                 Tloc           N/A          56%         2    ###....
c - Shroud of Golubria    Chrm/Tloc      #.........   56%         2    ###....


Dungeon Overview and Level Annotations

Branches:
Dungeon (15/15)            Temple (1/1) D:6            Lair (6/6) D:10
 Shoals (4/4) Lair:2       Spider (0/4) Lair:4        Slime (0/5) Lair:6
    Orc (2/2) D:12            Elf (0/3) Orc:2        Depths (0/5) D:15
 Vaults: D:13-14

Altars:
Ashenzari
Cheibriados
Dithmenos
Elyvilon
Fedhas
Gozag
Hepliaklqana
Kikubaaqudgha
Makhleb
Nemelex Xobeh
Okawaru
Qazlal
Ru
Sif Muna
Trog
Uskayaw
Vehumet
Wu Jian
Xom
Yredelemnul
Zin
The Shining One

Shops:
D:4 [   D:9 %*   D:15 ?   Orc:2 :[*(   Shoals:1 ?

Portals:
Hell: Lair:6
Trove: D:10 (give +5 demon blade)

Annotations:
Lair:2 exclusion: oklob plant
Shoals:2 Kirke
Shoals:4 Jorgrun


Innate Abilities, Weirdness & Mutations

You are too large for most types of armour.
You have claws for hands.
Your metabolism is lightning-fast.
You like to eat raw meat.
Your natural rate of healing is unusually fast.
You are covered in fur. (AC +1)
You have very tough skin. (AC +2)


Message History

* * * LOW HITPOINT WARNING * * *
You feel sick.
The snapping turtle bites the plant.
* * * LOW HITPOINT WARNING * * *
You feel sick.
* * * LOW HITPOINT WARNING * * *
You feel sick.
* * * LOW HITPOINT WARNING * * *
You feel sick.
* * * LOW HITPOINT WARNING * * *
You feel sick.
* * * LOW HITPOINT WARNING * * *
You feel sick.
* * * LOW HITPOINT WARNING * * *
You feel sick. You block the snapping turtle's attack.
* * * LOW HITPOINT WARNING * * *
You feel sick.
The snapping turtle bites you but does no damage.
* * * LOW HITPOINT WARNING * * *
You feel sick.
You die...

≈≈≈≈≈≈≈≈≈≈≈≈≈≈≈
≈≈≈≈≈≈≈≈≈≈≈≈≈≈≈
#≈≈≈≈≈≈≈≈≈≈≈≈≈≈≈≈≈≈≈≈≈≈≈≈
#≈≈≈≈≈≈≈≈ ≈≈≈≈≈≈≈≈≈≈≈≈≈≈
#≈≈≈≈≈≈≈≈ ≈≈≈≈≈≈≈≈≈≈≈≈%
#≈≈≈≈≈≈≈≈#####≈≈≈≈≈≈≈≈≈..
#≈≈≈≈≈≈≈##≈≈%##≈P≈≈≈≈≈≈..
#≈≈≈≈≈≈≈#≈≈≈))#≈(PPP≈≈≈≈.
#≈≈≈≈≈≈≈#≈≈|≈@)t≈≈≈≈≈≈≈≈≈
#≈≈≈≈≈≈≈#≈≈≈≈)#PP)≈≈≈≈≈≈≈
#≈≈≈≈≈≈≈##≈≈≈##P≈≈≈P≈≈≈≈≈
#≈≈≈≈≈P≈≈#####≈≈≈≈P≈≈≈≈≈≈
#≈≈≈≈≈PP≈≈≈≈≈≈≈≈≈P≈≈≈≈≈≈≈
#≈≈≈≈≈≈PP≈≈≈≈..≈≈≈≈≈≈≈≈≈≈
#≈≈≈≈≈≈≈≈≈≈≈....≈≈≈≈≈≈≈≈≈
#≈≈≈≈≈≈≈≈≈≈.....≈≈≈≈≈≈≈≈≈
#≈≈≈≈≈≈≈≈≈≈.....≈≈≈≈≈≈≈≈≈


You could see a snapping turtle.

Vanquished Creatures
  Rupert (Lair:3)
  2 orc warlords (Orc:2)
  The ghost of p0werm0de the Warrior, a journeyman HuWr of Ashenzari (Volcano)
  Nessos (Lair:5)
  A merfolk javelineer (Shoals:4)
  4 merfolk impalers
  Josephine (D:13)
  A vault guard (D:10)
  2 centaur warriors
  4 hydras
  An ogre mage (D:15)
  A death knight (D:13)
  5 death yaks
  3 merfolk aquamancers
  7 two-headed ogres
  A merfolk avatar (Shoals:1)
  4 orc high priests (Orc:2)
  Nergalle (Lair:3)
  A sun demon (Lair:6)
  A fire crab (Volcano)
  9 sea snakes
  A deep elf archer (Orc:2)
  A wizard (Lair:6)
  A lindwurm (Volcano)
  4 orc knights
  Pikel (D:7)
  4 harpies (Shoals:4)
  3 deep elf magi (Orc:2)
  9 orc sorcerers
  3 ugly things (D:12)
  6 manticores
  2 cyclopes
  3 fauns (Shoals:1)
  8 black mambas
  4 elephants (Lair:4)
  Psyche (D:8)
  Joseph (D:7)
  A smoke demon (Lair:6)
  2 water nymphs
  5 merfolk sirens
  A naga mage (D:15)
  A molten gargoyle (Volcano)
  7 spiny frogs
  2 orange demons (Lair:6)
  4 komodo dragons
  7 rime drakes
  2 centaur skeletons (D:13)
  A redback zombie (D:14)
  An ice devil (Lair:6)
  2 freezing wraiths (D:13)
  A komodo dragon (shapeshifter) (D:14)
  A tengu conjurer (D:13)
  An efreet (D:13)
  18 merfolk
  3 red devils (Lair:6)
  9 trolls
  A polar bear (Lair:5)
  2 wolf spider simulacra (D:15)
  3 hornets
  4 snapping turtles
  Prince Ribbit (D:8)
  20 blink frogs
  4 dream sheep (Lair:5)
  A hippogriff (shapeshifter) (D:15)
  9 hippogriffs
  8 wyverns
  79 yaks
  8 water elementals
  6 wraiths (D:13)
  A basilisk (Lair:3)
  10 fire bats (Volcano)
  A vampire (D:9)
  5 hogs
  A human (D:9)
  A hungry ghost (D:12)
  A steam dragon (Volcano)
  7 vampire mosquitoes
  4 wargs (Orc:2)
  An acid dragon (D:14)
  A soldier ant (shapeshifter) (D:14)
  5 hell hounds
  2 soldier ants
  21 water moccasins
  7 porcupines
  Duvessa (D:7)
  2 black bears
  2 phantoms (D:12)
  2 sky beasts
  28 orc warriors
  An ice beast (D:14)
  A necrophage (D:10)
  An eye of draining (D:9)
  8 wolves
  22 centaurs
  11 ogres
  23 crocodiles
  14 bullfrogs
  2 big kobolds
  Dowan (D:7)
  A wyvern skeleton (D:14)
  2 troll zombies (D:12)
  3 scorpions
  14 killer bees
  3 wights (D:11)
  7 howler monkeys
  6 crimson imps
  3 bullfrog zombies
  7 centaur zombies
  5 lava snakes (Volcano)
  5 jellies
  9 hounds
  13 orc priests
  Crazy Yiuf (D:7)
  A bullfrog skeleton (D:7)
  23 orc wizards
  4 iguanas
  18 worker ants
  4 ogre zombies (D:12)
  A hound zombie (D:9)
  A howler monkey skeleton (D:10)
  5 adders
  A shadow imp (D:11)
  3 oozes
  An adder zombie (D:9)
  3 worms
  A dart slug (D:1)
  A leopard gecko (D:4)
  60 orcs
  4 giant cockroaches
  6 goblins
  7 hobgoblins
  21 jackals
  25 kobolds
  8 quokkas
  7 bats
  7 frilled lizards
  A goblin zombie (D:12)
  2 hobgoblin zombies (D:12)
  A leopard gecko skeleton (D:5)
  5 orc skeletons (D:12)
  11 orc zombies (D:12)
  A quokka skeleton (D:7)
  8 rats
  5 plants (Shoals:4)
831 creatures vanquished.

Vanquished Creatures (others)
  8 fungi
  17 plants
25 creatures vanquished.

Grand Total: 856 creatures vanquished

Notes
Turn   | Place    | Note
-------+----------+-------------------------------------------
     0 | D:1      | UnclePhil the Troll Hunter began the quest for the Orb.
     0 | D:1      | Reached XP level 1. HP: 19/19 MP: 0/0
    91 | D:1      | Reached skill level 1 in Unarmed Combat
   208 | D:1      | Reached XP level 2. HP: 24/27 MP: 1/1
   255 | D:1      | Reached skill level 2 in Unarmed Combat
   602 | D:1      | Reached XP level 3. HP: 33/33 MP: 2/2
  1142 | D:2      | Reached skill level 3 in Unarmed Combat
  1477 | D:2      | Found a blossoming altar of Fedhas.
  1961 | D:3      | Reached XP level 4. HP: 41/42 MP: 3/3
  2006 | D:3      | Found a sacrificial altar of Ru.
  2349 | D:3      | Reached skill level 4 in Unarmed Combat
  2649 | D:4      | Reached XP level 5. HP: 46/50 MP: 4/4
  2754 | D:4      | Found a hazy altar of Hepliaklqana.
  2931 | D:4      | Found Lowerche's Antique Armour Shop.
  2945 | D:4      | Reached skill level 5 in Unarmed Combat
  2945 | D:4      | Reached XP level 6. HP: 60/61 MP: 5/5
  3036 | D:4      | Found a burning altar of Makhleb.
  3459 | D:4      | Reached skill level 6 in Unarmed Combat
  3618 | D:4      | Found a bloodstained altar of Trog.
  3706 | D:5      | Entered Level 5 of the Dungeon
  3730 | D:5      | Reached XP level 7. HP: 58/67 MP: 6/6
  4034 | D:5      | Reached skill level 7 in Unarmed Combat
  4236 | D:5      | Reached XP level 8. HP: 79/79 MP: 7/7
  4364 | D:5      | Reached skill level 8 in Unarmed Combat
  4893 | D:6      | Found a glowing silver altar of Zin.
  4957 | D:6      | Found a staircase to the Ecumenical Temple.
  4967 | Temple   | Entered the Ecumenical Temple
  5003 | Temple   | Became a worshipper of Warmaster Okawaru
  5083 | D:6      | Reached skill level 5 in Fighting
  5189 | D:6      | Found a hide-covered altar of Uskayaw.
  5351 | D:7      | Found an opulent altar of Gozag.
  5399 | D:7      | Noticed Joseph
  5413 | D:7      | Killed Joseph
  5413 | D:7      | Reached skill level 9 in Unarmed Combat
  5588 | D:7      | Learned a level 1 spell: Beastly Appendage
  5767 | D:7      | Noticed Duvessa
  5767 | D:7      | Noticed Dowan
  5842 | D:7      | Killed Duvessa
  5844 | D:7      | Killed Dowan
  5844 | D:7      | Reached * piety under Okawaru
  5844 | D:7      | Reached XP level 9. HP: 66/88 MP: 5/8
  6522 | D:7      | Noticed Pikel
  6532 | D:7      | Reached skill level 10 in Unarmed Combat
  6568 | D:7      | Killed Pikel
  7025 | D:7      | Found a runed door.
  7029 | D:7      | Noticed Crazy Yiuf
  7034 | D:7      | Killed Crazy Yiuf
  7097 | D:8      | Noticed Prince Ribbit
  7111 | D:8      | Killed Prince Ribbit
  7111 | D:8      | Reached skill level 11 in Unarmed Combat
  7144 | D:8      | Noticed a two-headed ogre
  7158 | D:8      | Killed a two-headed ogre
  7478 | D:8      | Noticed Psyche
  7483 | D:8      | Paralysed by Psyche for 3 turns
  7488 | D:8      | Killed Psyche
  7488 | D:8      | Reached ** piety under Okawaru
  7488 | D:8      | Reached XP level 10. HP: 80/100 MP: 9/9
  7758 | D:8      | Found a glowing golden altar of the Shining One.
  7829 | D:8      | Noticed a two-headed ogre
  7840 | D:8      | Killed a two-headed ogre
  7840 | D:8      | Reached skill level 12 in Unarmed Combat
  8271 | D:9      | Reached *** piety under Okawaru
  8275 | D:9      | Reached skill level 1 in Invocations
  8333 | D:9      | Found Ykellus's Food Boutique.
  8499 | D:9      | Reached skill level 13 in Unarmed Combat
  8820 | D:9      | Found Gef Xoth's Serpentskin Sales.
  8828 | D:9      | Bought an uncursed ring of poison resistance for 280 gold pieces
  8850 | D:9      | Noticed a manticore
  8855 | D:9      | Killed a manticore
  8855 | D:9      | Reached **** piety under Okawaru
  8855 | D:9      | Reached skill level 1 in Shields
  9023 | D:9      | Found a shattered altar of Ashenzari.
  9213 | D:9      | Found an ornate altar of the Wu Jian Council.
  9213 | D:9      | Found a shadowy altar of Dithmenos.
  9214 | D:9      | Found a stormy altar of Qazlal.
  9272 | D:9      | Reached XP level 11. HP: 87/109 MP: 12/12
  9432 | D:10     | Entered Level 10 of the Dungeon
  9446 | D:10     | Noticed a two-headed ogre
  9455 | D:10     | Killed a two-headed ogre
  9731 | D:10     | Reached skill level 5 in Shields
  9731 | D:10     | Reached XP level 12. HP: 118/118 MP: 17/17
  9801 | D:10     | Found a portal to a secret trove of treasure.
 10034 | D:10     | Noticed a vault guard
 10035 | D:10     | Found a staircase to the Lair.
 10046 | D:10     | Killed a vault guard
 10046 | D:10     | Received a gift from Okawaru
 10481 | Lair:1   | Entered Level 1 of the Lair of Beasts
 10527 | Lair:1   | Reached ***** piety under Okawaru
 11016 | Lair:1   | Received a gift from Okawaru
 11453 | Lair:2   | Reached skill level 14 in Unarmed Combat
 11499 | Lair:2   | Found a dark tunnel.
 11508 | Volcano  | Entered a volcano
 11576 | Volcano  | Noticed p0werm0de's ghost (journeyman HuWr)
 11619 | Volcano  | Killed p0werm0de's ghost
 11619 | Volcano  | Reached XP level 13. HP: 107/128 MP: 18/18
 11752 | Volcano  | Found a burning altar of Makhleb.
 11757 | Volcano  | Received a gift from Okawaru
 11772 | Volcano  | Got a warped war axe {god gift}
 12183 | Lair:2   | Found a staircase to the Shoals.
 13133 | Lair:3   | Noticed Rupert
 13134 | Lair:3   | Paralysed by Rupert for 4 turns
 13159 | Lair:3   | Killed Rupert
 13159 | Lair:3   | Received a gift from Okawaru
 13159 | Lair:3   | Reached skill level 15 in Unarmed Combat
 13459 | Lair:3   | Noticed Nergalle
 13469 | Lair:3   | Killed Nergalle
 13619 | Lair:4   | Found a hole to the Spider Nest.
 13674 | Lair:4   | Received a gift from Okawaru
 14832 | Lair:5   | Reached XP level 14. HP: 131/137 MP: 19/19
 15055 | Lair:5   | Reached skill level 16 in Unarmed Combat
 15318 | Lair:5   | Noticed Nessos
 15336 | Lair:5   | Killed Nessos
 15988 | Lair:6   | Entered Level 6 of the Lair of Beasts
 16116 | Lair:6   | Reached skill level 5 in Dodging
 16731 | Lair:6   | Found a staircase to the Slime Pits.
 17298 | Lair:6   | Cast into level 2 of the Abyss (a wizard)
 17363 | Lair:6   | Escaped the Abyss
 17385 | Lair:6   | Found a burning altar of Makhleb.
 17441 | Lair:6   | Received a gift from Okawaru
 17526 | Lair:6   | Found a gateway to Hell.
 19025 | D:12     | Found a staircase to the Orcish Mines.
 19130 | Orc:1    | Entered Level 1 of the Orcish Mines
 19252 | Orc:2    | Entered Level 2 of the Orcish Mines
 19253 | Orc:2    | Identified a scroll of acquirement
 19277 | Orc:2    | Found a staircase to the Elven Halls.
 19278 | Orc:2    | Noticed an orc warlord
 19286 | Orc:2    | Found Weabloh's Antique Weapon Boutique.
 19344 | Orc:2    | Found Paulif's General Store.
 19355 | Orc:2    | Reached skill level 17 in Unarmed Combat
 19382 | Orc:2    | Bought a scroll of teleportation for 48 gold pieces
 19395 | Orc:2    | Found a flickering gateway to a bazaar.
 19405 | Bazaar   | Entered a bazaar
 19409 | Bazaar   | Found Geri's Jewellery Boutique.
 19510 | Bazaar   | Found Qeyfer's Gadget Emporium.
 19527 | Bazaar   | Found Ehez Hee's Distillery.
 19545 | Bazaar   | Found Keemn's Assorted Antiques.
 19567 | Bazaar   | Bought a +3 ring of slaying for 405 gold pieces
 19602 | Bazaar   | Bought 2 potions of heal wounds for 170 gold pieces
 19602 | Bazaar   | Bought a potion of haste for 170 gold pieces
 19605 | Bazaar   | Learned a level 2 spell: Blink
 19608 | Bazaar   | Learned a level 2 spell: Shroud of Golubria
 19612 | Bazaar   | Bought 2 potions of might for 136 gold pieces
 19612 | Bazaar   | Bought a potion of invisibility for 136 gold pieces
 20115 | Orc:2    | Killed an orc warlord
 20115 | Orc:2    | Reached XP level 15. HP: 136/149 MP: 16/20
 20143 | Orc:2    | Paralysed by an orc sorcerer for 7 turns
 20211 | Orc:2    | Reached skill level 1 in Evocations
 20394 | Orc:2    | Found Juch's Antique Armour Shop.
 20468 | Orc:2    | Reached skill level 10 in Fighting
 20511 | Orc:2    | Found Ziekunwo's Book Boutique.
 20571 | Orc:2    | Noticed an orc warlord
 20593 | Orc:2    | Killed an orc warlord
 21788 | D:13     | Noticed Josephine
 21803 | D:13     | Killed Josephine
 21909 | D:13     | Received a gift from Okawaru
 21911 | D:13     | Reached skill level 18 in Unarmed Combat
 22191 | D:13     | Found a shattered altar of Ashenzari.
 22504 | D:13     | Received a gift from Okawaru
 23159 | D:14     | Reached ****** piety under Okawaru
 23688 | D:14     | Received a gift from Okawaru
 23691 | D:14     | Got a wizard robe {god gift}
 23702 | D:14     | Identified the +0 robe "Ezxaw" {rF+ Str+2} (Okawaru gifted it to you on level 14 of the Dungeon)
 23845 | D:15     | Entered Level 15 of the Dungeon
 24046 | D:15     | Found a staircase to the Depths.
 24110 | D:15     | Found Reekebol's Magic Scroll Shop.
 24977 | Shoals:1 | Entered Level 1 of the Shoals
 25269 | Shoals:1 | Reached XP level 16. HP: 135/161 MP: 17/21
 25568 | Shoals:1 | Found Hiclaopn's Magic Scroll Shoppe.
 25602 | Shoals:1 | Bought a scroll of teleportation for 51 gold pieces
 25602 | Shoals:1 | Bought a scroll of fog for 34 gold pieces
 25602 | Shoals:1 | Bought a scroll of fog for 34 gold pieces
 25602 | Shoals:1 | Bought a scroll of teleportation for 51 gold pieces
 25850 | Shoals:1 | HP: 7/161 [sea snake (17)]
 26219 | Shoals:2 | Noticed Kirke
 26441 | Shoals:4 | Entered Level 4 of the Shoals
 26441 | Shoals:4 | Noticed Jorgrun
 26588 | Shoals:4 | Reached skill level 19 in Unarmed Combat
 26730 | Shoals:4 | Reached skill level 5 in Evocations
 26740 | Shoals:4 | HP: 11/243 [harpy (7)]
 26946 | Shoals:4 | HP: 8/162 [poisoned by a sea snake]
 26951 | Shoals:4 | HP: 4/162 [poisoned by a sea snake]
 26956 | Shoals:4 | Succumbed to a sea snake's poison

Vault maps used:
D:1:      dpeg_arrival_water_temple_mockup, st_stairs_6, glass_columns_a
D:2:      fedhas_altar_4
D:3:      lemuel_crystal_altar, first_bread
D:4:      overflow_temple_1_default, lightli_temple_of_fire,
          makhleb_grotto_becter, serial_shops, nicolae_shop_overgrown_old_shop
D:5:      minmay_joined_circles
D:6:      zin_statuary, kennysheep_little_box, temple_hall
D:7:      grunt_gozag_breadcrumbs, uniq_crazy_yiuf_cottage, uniq_duvessa,
          uniq_pikel, uniq_joseph
D:8:      nicolae_tso_swordbearing_angel, uniq_psyche, uniq_prince_ribbit1
D:9:      nicolae_overflow_hidden_temple, gammafunk_temple_overflow_claw,
          serial_co_window_serial, co_window_paths_b, co_window_paths_b,
          co_window_of_opportunity_a, co_window_paths_b, co_window_paths_a,
          co_window_paths_c, co_window_corner_b, co_window_corner_b,
          co_window_corner_b, glass_columns_b, serial_shops, shop,
          grunt_livestock, guppyfry_shop_venom
D:10:     david_lair_shrubbed, enter_trove_5
D:12:     zombieorc1_lemuel
D:13:     ashenzari_altar_1, uniq_josephine
D:14:     grunt_vaults_entry_tiered, solitary_fountain,
          kennysheep_generic_room_14
D:15:     grunt_enter_depths_magical_seal, serial_shops, shop_scrolls,
          bh_walls_and_bars
Temple:   jpeg_temple_island
Lair:1:   beast_lair_carwin_2, lemuel_fruit_fields, infiniplex_staircase_pool_2
Lair:2:   minmay_shoals_entry_centaurs, enter_volcano_1, lemuel_oklob_altar
Lair:3:   uniq_nergalle, uniq_rupert
Lair:4:   dummy_spider_entry, minmay_holes, grunt_forest_stairs_basic,
          serial_bayou_pond_e
Lair:5:   grunt_megastairs_1, uniq_nessos
Lair:6:   evil_forest, slime_dummy
Shoals:1: serial_shops, shop
Shoals:2: centaur_isle, uniq_kirke
Shoals:3: cheibrodos_shoals_satyrical_garden, serial_shops, shop_fountains,
          uniq_polyphemus
Shoals:4: shoals_end_simple, shoal_ilsuiw, uniq_jorgrun
Orc:2:    grunt_orc_gardens, grunt_orc_garden, grunt_orc_garden,
          grunt_orc_garden, grunt_orc_garden, serial_shops, bzr_entry_lakeside,
          elf_legates
Abyss:2:  evilmike_abyss_exit_16, evilmike_abyss_exit_10
Bazaar:   bazaar_jpeg_circle_common
Volcano:  volcano_grotto

Skill      XL: |  1  2  3  4  5  6  7  8  9 10 11 12 13 14 15 16 |
---------------+-------------------------------------------------+-----
Unarmed Combat | 1 2 3 4 5 6 7 9 11 13 14 15 17 18 19 | 19.2
Fighting       | 2 3 4 5 6 7 8 9 10 11 | 11.3
Invocations    | 3 8 9 |  9.0
Shields        | 2 5 7 8 9 |  9.0
Dodging        | 4 6 |  6.6
Evocations     | 4 5 |  5.3
Throwing       | |  3.6
Stealth        | |  0.3

Action                   |  1- 3 |  4- 6 |  7- 9 | 10-12 | 13-15 | 16-18 || total
-------------------------+-------+-------+-------+-------+-------+-------++-------
Melee: Unarmed           |   131 |   197 |   243 |   414 |  1415 |   219 ||  2619
       Punch             |     2 |     3 |     7 |     3 |       |       ||    15
Throw: Large rock        |       |       |    11 |       |    30 |       ||    41
Invok: Heroism           |       |       |     4 |    19 |    62 |    14 ||    99
       Finesse           |       |       |       |       |     4 |     1 ||     5
Evoke: Wand              |       |       |       |       |       |     7 ||     7
  Use: Scroll            |     5 |       |     3 |     8 |    23 |     5 ||    44
       Potion            |       |     2 |     1 |     4 |     5 |    14 ||    26
 Stab: Distracted        |       |     1 |       |       |       |       ||     1
       Sleeping          |       |       |     3 |       |     5 |       ||     8
  Eat: Chunk             |    17 |    21 |    17 |    46 |   117 |    16 ||   234
       Meat ration       |       |       |     2 |       |       |       ||     2
       Bread ration      |       |       |       |       |     2 |       ||     2
Armor: Robe              |    56 |    66 |    73 |    48 |   153 |    30 ||   426
Dodge: Dodged            |    73 |    96 |   121 |    70 |   409 |   106 ||   875
Block: Large shield      |       |       |       |   205 |   406 |       ||   611
       Shield            |       |       |       |       |   438 |   172 ||   610
